 Dungeon Crawl Stone Soup version 0.29-a0-1052-g6990b1bffc (webtiles) character file.

Game seed: 1633462233041775253

29 Nedwor the Trooper (level 3, 29/29 HPs)
             Began as a Demonspawn Fighter on Aug 17, 2022.
             Quit the game on level 1 of the Dungeon.
             The game lasted 00:01:14 (487 turns).

Nedwor the Trooper (Demonspawn Fighter)              Turns: 487, Time: 00:01:15

Health: 29/29      AC: 12    Str: 18    XL:     3   Next: 1%
Magic:  3/3        EV:  5    Int:  9    God:
Gold:   12         SH:  8    Dex: 12    Spells: 2/2 levels left

rFire   . . .      SeeInvis .   a - +0 trident
rCold   . . .      Faith    .   c - +0 buckler
rNeg    . . .      Spirit   .   h - +0 plate armour
rPois   .          Reflect  .   (no helmet)
rElec   .          Harm     .   (no cloak)
rCorr   .          Rampage  .   b - +0 pair of gloves
Will    .....                   (no boots)
Stlth   ..........              (no amulet)
HPRegen 0.09/turn               (no ring)
MPRegen 0.16/turn               (no ring)

@: no status effects
A: magic regeneration, condensation shield
a: no special abilities


You were on level 1 of the Dungeon.
You visited 1 branch of the dungeon, and saw 1 of its levels.

You collected 12 gold pieces.

Inventory:

Hand Weapons
 a - a +0 trident (weapon)
 g - a +3 short sword
Armour
 b - a +0 pair of gloves (worn)
 c - a +0 buckler (worn)
 h - a +0 plate armour (worn)
Scrolls
 f - a scroll of noise {unknown}
 i - a scroll of magic mapping {unknown}
Potions
 d - a potion of might
 e - 2 potions of brilliance {unknown}


   Skills:
 + Level 3.1 Fighting
 * Level 2.3 Polearms
 + Level 2.9 Armour
 + Level 0.6 Dodging
 + Level 2.9 Shields


You had 2 spell levels left.
You didn't know any spells.
Your spell library was empty.

Dungeon Overview and Level Annotations

Branches:
Dungeon (1/15)

Altars:


Innate Abilities, Weirdness & Mutations

You regenerate magic rapidly.
A meltable shield of frost defends you. (SH +4)


Message History

No target in view!
Things that are here:
a +0 pair of gloves; a jackal corpse
b - a +0 pair of gloves You start putting on your armour.
You continue putting on your +0 pair of gloves. x4
You finish putting on your +0 pair of gloves.
i - a scroll labelled MOD RAISTRUFOIR A bat comes into view.
A bat is nearby!
The bat hits you but does no damage.
You reach to attack!
You barely miss the bat. You block the bat's attack.
You closely miss the bat. The bat hits you but does no damage.
You block the bat's attack.
You barely miss the bat. You block the bat's attack.
The bat hits you but does no damage. You block the bat's attack.
You closely miss the bat. The bat barely misses you.
The bat hits you but does no damage. You block the bat's attack.
You closely miss the bat. The bat hits you but does no damage. x2
You puncture the bat!
You kill the bat!
No target in view!
You see here a bat corpse.
You see here a hobgoblin skeleton.
You see here a quokka skeleton.
A jackal comes into view.
The jackal barks!
You hear a shout!
You hear a bark!
A jackal comes into view.
A kobold comes into view. It is wielding a +0 dagger.
There are monsters nearby!
There are monsters nearby!
You puncture the jackal!
You kill the jackal!
The jackal bites you but does no damage.
You have reached level 3!
Your experience leads to an increase in your attributes!
Increase (S)trength, (I)ntelligence, or (D)exterity?
You feel stronger. x2; Your demonic ancestry asserts itself...
Your magic begins to regenerate rapidly.
Are you sure you want to abandon this character and quit the game? (Confirm with "yes".)

.##......###...........
....#..................
#......###...........
##.##.## ######...###
#.##.# #...# ####.#..#
#...# #.......####
#...# #.##.......#
#...# #.#@.##.# ..
#.....h..# # #..##K##.#
#. ... ..# . ###. ...
## ##.# .# .#


You could see a jackal and a kobold.

Vanquished Creatures
  2 dart slugs (D:1)
  2 ball pythons (D:1)
  A bat (D:1)
  A giant cockroach (D:1)
  A goblin (D:1)
  3 hobgoblins (D:1)
  5 jackals (D:1)
  2 quokkas (D:1)
  A frilled lizard (D:1)
  4 rats (D:1)
22 creatures vanquished.

Notes
Turn   | Place    | Note
-------+----------+-------------------------------------------
     0 | D:1      | Nedwor the Demonspawn Fighter began the quest for the Orb.
     0 | D:1      | Reached XP level 1. HP: 18/18 MP: 1/1
    47 | D:1      | Found a faded altar of an unknown god.
   172 | D:1      | Gained mutation: A meltable shield of frost defends you.
                  | (SH +4) [demonic ancestry]
   172 | D:1      | Reached XP level 2. HP: 24/24 MP: 2/2
   487 | D:1      | Gained mutation: You regenerate magic rapidly. [demonic
                  | ancestry]
   487 | D:1      | Reached XP level 3. HP: 29/29 MP: 3/3
   487 | D:1      | Quit the game

Illustrated notes

Levels and vault maps discovered:
D:1:      kennysheep_arrival_forest, layout_loops_cross,
          shapermc_ecumenical_altar_pompeii

Skill      XL: |  1 |
---------------+----+-----
Polearms       | 2 |  2.3
Fighting       | |  3.1
Armour         | |  2.9
Dodging        | |  0.6
Shields        | |  2.9

Action                   || total
-------------------------++-------
Melee: Trident           ||    65
Armor: Scale mail        ||     4
       Plate armour      ||    24
Dodge: Dodged            ||    10
Block: Buckler           ||    20

Table legend: (Time is in decaauts)
 A = Elapsed time spent in this place.
 B = Non-inter-level travel time spent in this place.
 C = Inter-level travel time spent in this place.
 D = Time resting spent in this place.
 E = Time spent auto-exploring this place.
 F = Levels seen in this place.
 G = Mean time per level.
                   A        B        C        D        E       F      G
               +--------+--------+--------+--------+--------+-----+--------+
         Total |    502 |    502 |      0 |      0 |    345 |   1 |  502.0 |
       Dungeon |    502 |    502 |      0 |      0 |    345 |   1 |  502.0 |
               +--------+--------+--------+--------+--------+-----+--------+

Top non-repeatable levels by time:
     D:1: 502 daAuts
